 Dungeon Crawl Stone Soup version 0.30-a0-1018-g25214051b3 (webtiles) character file.

Game seed: 6084973516796975708

639 bearlyready the Chopper (level 7, -4/59 HPs)
             Began as an Armataur Berserker on Apr 7, 2023.
             Was a Priest of Trog.
             Slain by a gnoll sergeant
             ... wielding a +4 spear of freezing
              (6 damage)
             ... on level 4 of the Dungeon.
             The game lasted 00:04:07 (2968 turns).

bearlyready the Chopper (Armataur Berserker)        Turns: 2968, Time: 00:04:08

Health: -4/59      AC:  6    Str: 24    XL:     7   Next: 25%
Magic:  7/7        EV:  8    Int:  7    God:    Trog [***...]
Gold:   144        SH:  0    Dex: 10    Spells: 6/6 levels left

rFire   . . .      SeeInvis .    a - +0 hand axe
rCold   . . .      Faith    .    (no shield)
rNeg    . . .      Spirit   .    q - +0 scale mail
rPois   .          Reflect  .    (no helmet)
rElec   .          Roll     +    (no cloak)
rCorr   .                        (no gloves)
Will    .....                    (no barding) Stlth
                                 k - amulet of the acrobat
HPRegen 0.29/turn                (no ring)
MPRegen 0.10/turn                (no ring)

@: no status effects
A: large, rugged brown scales 3, deformed body, armoured tail, roll, long
tongue, awkward tongue
a: Renounce Religion, Berserk, Trog's Hand


You were on level 4 of the Dungeon.
You worshipped Trog.
Trog was most pleased with you.
You visited 1 branch of the dungeon, and saw 5 of its levels.

You collected 144 gold pieces.

Inventory:

Hand Weapons
 a - a +0 hand axe (weapon)
Missiles
 h - 4 atropa-tipped darts (quivered)
 i - 3 boomerangs
 m - 10 curare-tipped darts
 x - 5 javelins
Armour
 b - a +0 animal skin
 d - a +0 ring mail
 q - a +0 scale mail (worn)
Jewellery
 k - an amulet of the acrobat (around neck)
Wands
 p - a wand of acid (5)
Scrolls
 c - a scroll of butterflies {unknown}
 e - 3 scrolls of identify {unknown}
 j - a scroll of enchant weapon {unknown}
 n - a scroll of fear {unknown}
 r - a scroll of silence {unknown}
 t - a scroll of amnesia {unknown}
 u - 2 scrolls of vulnerability {unknown}
 w - a scroll of enchant armour {unknown}
Potions
 f - a potion of brilliance {unknown}
 g - 2 potions of mutation {unknown}
 l - 2 potions of flight {unknown}
 o - 2 potions of heal wounds {unknown}
 s - 4 potions of lignification {unknown}
 v - 3 potions of curing {unknown}


   Skills:
 - Level 2.6 Fighting
 + Level 7.1 Axes
 - Level 2.4 Armour
 - Level 1.3 Dodging


You had 6 spell levels left.
You didn't know any spells.
Your spell library was empty.

Dungeon Overview and Level Annotations

Branches:
Dungeon (5/15)
 Temple: D:4-7

Altars:
Makhleb

Shops:
D:2 [   D:4 :


Innate Abilities, Weirdness & Mutations

You are completely covered in rugged brown scales. (AC +3, +7% HP)
Armour fits poorly on your strangely shaped body.
You have a long armoured tail.
You roll when moving toward enemies. (Rampage)
Your long tongue fully drains potion bottles. (2x potion effects)
Your tongue gives you trouble enunciating. (1.5x scroll delay)


Message History

No target in view!
e - 3 scrolls labelled WUHIERCH VUNA (gained 1) As you open the door, it creaks loudly!
A gnoll sergeant and 2 gnolls come into view.
The gnoll sergeant is wielding a +4 spear of freezing.
The gnoll sergeant shouts!
The gnoll shouts! x2; You hear a shout!
You hear an angry growl.
You hear a shout!
Found 9 gold pieces and a scroll labelled COTUORUHOE.
There are monsters nearby!
You hear a shout!
Things that are here:
a +0 dagger; a +0 leather armour; an orc corpse A gnoll comes into view.
It is wielding a +0 whip.
The gnoll shouts!
There is an open door here.
There is an open door here.
There is a stone staircase leading up here.
A gnoll comes into view. It is wielding a +0 halberd.
The gnoll sergeant hits you with a +4 spear of freezing.
The gnoll sergeant freezes you.
You climb upwards.
There is a stone staircase leading down here.
You hit the gnoll sergeant.
The gnoll sergeant is lightly wounded.
The gnoll sergeant hits you with a +4 spear of freezing!
The gnoll sergeant freezes you.
You hit the gnoll sergeant.
The gnoll sergeant is moderately wounded.
The gnoll sergeant hits you with a +4 spear of freezing!
The gnoll sergeant freezes you. The gnoll sergeant blocks your attack.
The gnoll sergeant is moderately wounded.
The gnoll sergeant hits you with a +4 spear of freezing!
* * * LOW HITPOINT WARNING * * *
The gnoll sergeant freezes you.
* * * LOW HITPOINT WARNING * * *
You closely miss the gnoll sergeant.
The gnoll sergeant is moderately wounded.
The gnoll sergeant hits you with a +4 spear of freezing.
You die...

...#..........#...#........#'####
...#..##..##.###'###########.#...
.###..##..##.##............#.#.#.
.#............#............#.#.#.
.#............#............#.#.#.
.#..........<.#............#...#.
.###..##.###.##...........######.
...##'######.#...g.##'######...#.
...#......'..#..@..#.......#.#.#.
...#......#..'.....#.......#.#.#.
...####..#####.....##....###.#.#.
#'##.###+###....#+###....###.#...
#..........#....'..........#.####
#..........#....#..........#.#...
#..........#....#..........#.#.#.
#...###....#....#..........#.#.#.
#...########....#..###...###.#.#.


You could see a gnoll sergeant.

Vanquished Creatures
  Sigmund (D:3)
  Menkaure (D:4)
  A phantom (D:4)
  A scorpion (D:4)
  A howler monkey (D:4)
  Natasha (D:2)
  Terence (D:3)
  An iguana (D:4)
  3 adders (D:2)
  2 worms
  3 dart slugs
  2 orcs
  4 endoplasms
  5 giant cockroaches
  10 goblins
  5 hobgoblins
  8 quokkas
  3 ball pythons
  5 bats
  5 frilled lizards
  11 kobolds
  5 rats
79 creatures vanquished.

Notes
Turn   | Place    | Note
-------+----------+-------------------------------------------
     0 | D:1      | bearlyready the Armataur Berserker began the quest for the
                  | Orb.
     0 | D:1      | Reached XP level 1. HP: 19/19 MP: 1/1
   153 | D:1      | Reached XP level 2. HP: 23/26 MP: 2/2
   168 | D:1      | Reached skill level 3 in Axes
   259 | D:1      | Reached ** piety under Trog
   709 | D:2      | Found a faded altar of an unknown god.
   775 | D:2      | Reached XP level 3. HP: 28/32 MP: 3/3
  1006 | D:2      | Reached skill level 4 in Axes
  1078 | D:2      | Reached XP level 4. HP: 38/39 MP: 4/4
  1188 | D:2      | Noticed Natasha
  1194 | D:2      | Killed Natasha
  1195 | D:2      | Found Tiotsam's Armour Boutique.
  1361 | D:3      | Noticed Terence
  1366 | D:3      | Killed Terence
  1367 | D:3      | Reached XP level 5. HP: 44/44 MP: 5/5
  1638 | D:3      | Noticed Sigmund
  1650 | D:3      | Killed Sigmund
  1651 | D:3      | Reached skill level 5 in Axes
  1651 | D:3      | Reached XP level 6. HP: 53/53 MP: 6/6
  1846 | D:4      | Found a burning altar of Makhleb.
  1871 | D:4      | Found Upiash's Vocational Training.
  1922 | D:4      | Reached skill level 6 in Axes
  1985 | D:4      | Noticed Menkaure
  1992 | D:4      | Killed Menkaure
  2244 | D:4      | Reached XP level 7. HP: 48/59 MP: 7/7
  2263 | D:4      | Reached skill level 7 in Axes
  2773 | D:4      | Reached *** piety under Trog
  2910 | D:5      | Entered Level 5 of the Dungeon
  2967 | D:4      | HP: 2/59 [gnoll sergeant/+4 spear of freezing (5)]
  2968 | D:4      | Slain by a gnoll sergeant

Illustrated notes

Levels and vault maps discovered:
D:1:      roderic_chinese_lattice_arrival, layout_basic, minmay_pentomino_r2
D:2:      layout_rooms, basic_ecumenical_altar, serial_shops,
          nicolae_lakefront_shop, uniq_natasha
D:3:      layout_basic, uniq_terence, uniq_sigmund
D:4:      layout_gridville, mainiacjoe_overflow_tiny_flanked,
          roderic_serpentine_path, minmay_misc_feat_encased,
          nicolae_shop_vocational, uniq_menkaure
D:5:      layout_gridville, minmay_temple_entry_waves

Skill      XL: |  1  2  3  4  5  6  7 |
---------------+----------------------+-----
Axes           | 3 4 5 6 7 |  7.1
Fighting       | |  2.6
Armour         | |  2.4
Dodging        | |  1.3

Action                     |  1- 3 |  4- 6 |  7- 9 || total
---------------------------+-------+-------+-------++-------
  Melee: Hand axe          |   108 |    84 |    38 ||   230
         Tailslap          |    10 |    13 |     7 ||    30
         Punch             |     3 |       |       ||     3
  Throw: Dart              |       |     3 |       ||     3
 Invoke: Berserk           |       |     4 |     1 ||     5
 Armour: Animal skin       |    14 |       |       ||    14
         Ring mail         |    38 |     6 |       ||    44
         Scale mail        |       |    25 |    11 ||    36
  Dodge: Dodged            |    36 |    27 |     5 ||    68

Table legend: (Time is in decaauts)
 A = Elapsed time spent in this place.
 B = Non-inter-level travel time spent in this place.
 C = Inter-level travel time spent in this place.
 D = Time resting spent in this place.
 E = Time spent auto-exploring this place.
 F = Levels seen in this place.
 G = Mean time per level.
                   A        B        C        D        E       F      G
               +--------+--------+--------+--------+--------+-----+--------+
         Total |   3024 |   2933 |     91 |      2 |   2349 |   5 |  604.8 |
       Dungeon |   3024 |   2933 |     91 |      2 |   2349 |   5 |  604.8 |
               +--------+--------+--------+--------+--------+-----+--------+

Top non-repeatable levels by time:
     D:4: 1077 daAuts
     D:1: 718 daAuts
     D:2: 602 daAuts
     D:3: 572 daAuts
     D:5: 53 daAuts
